2874 views
Uploaded 2020-03-29 13:28:05
Game version 1.32.3
25:30 long 1on1 private game on (4)TwistedMeadows
Saved by Dziango
2874 views
Uploaded 2020-03-29 13:28:05
Game version 1.32.3
25:30 long 1on1 private game on (4)TwistedMeadows
33 units @ 5.5k
/ 0.9k
17 buildings @ 2.8k
/ 0.8k



| Rod of Necromancy | 5 | 750 |
| Orb of Corruption | 1 | 375 |
| Sacrificial Skull | 1 | 50 |
| Scroll of Healing | 3 | 750 |
| Potion of Lesser Invulnerability | 4 | 600 |
| total: | 14 | 2525g |
| Acolyte | 10 | 750 | / | 0 |
| Ghoul | 2 | 240 | / | 0 |
| Crypt Fiend | 13 | 2795 | / | 520 |
| Obsidian Statue | 4 | 800 | / | 140 |
| Abomination | 3 | 720 | / | 210 |
| Meat Wagon | 1 | 230 | / | 50 |
| total: | 33 | 5535g | / | 920w |
| Nerubian Tower | 2 | 200 | / | 40 |
| Spirit Tower | 2 | 290 | / | 80 |
| Ziggurat | 10 | 1500 | / | 500 |
| Altar of Darkness | 1 | 180 | / | 50 |
| Crypt | 1 | 200 | / | 50 |
| Tomb of Relics | 1 | 130 | / | 30 |
| Graveyard | 1 | 215 | / | 0 |
| Necropolis | 2 | 450 | / | 0 |
| Slaughterhouse | 1 | 140 | / | 135 |
| Halls of the Dead | 1 | 320 | / | 210 |
| Black Citadel | 1 | 325 | / | 230 |
| total: | 17 | 2815g | / | 765w |
| 0:01 | Acolyte |
| 0:04 | Ziggurat |
| 0:06 | Altar of Darkness |
| 0:11 | Acolyte |
| 0:32 | Crypt |
| 0:40 | Acolyte |
| 0:59 | Tomb of Relics |
| 1:28 | Graveyard |
| 1:33 | Ghoul |
| 1:42 | Ghoul |
| 2:07 | Rod of Necromancy |
| 2:13 | Death Coil |
| 2:36 | Halls of the Dead |
| 2:53 | Crypt Fiend |
| 3:07 | Ziggurat |
| 3:27 | Nerubian Tower |
| 3:51 | Ziggurat |
| 3:57 | Unholy Aura |
| 3:59 | Crypt Fiend |
| 4:24 | Crypt Fiend |
| 5:09 | Rod of Necromancy |
| 5:20 | Slaughterhouse |
| 6:02 | Frost Nova |
| 6:04 | Crypt Fiend |
| 6:25 | Obsidian Statue |
| 6:41 | Black Citadel |
| 6:50 | Ziggurat |
| 7:04 | Obsidian Statue |
| 7:06 | Death Coil |
| 7:16 | Burrow |
| 7:41 | Creature Attack |
| 7:52 | Frost Armor |
| 8:11 | Crypt Fiend |
| 9:08 | Orb of Corruption |
| 9:08 | Rod of Necromancy |
| 9:14 | Frost Nova |
| 9:30 | Abomination |
| 9:31 | Meat Wagon |
| 9:34 | Crypt Fiend |
| 9:35 | Ziggurat |
| 9:51 | Howl of Terror |
| 10:00 | Potion of Lesser Invulnerability |
| 11:12 | Crypt Fiend |
| 11:50 | Acolyte |
| 12:00 | Rod of Necromancy |
| 12:04 | Creature Carapace |
| 12:09 | Necropolis |
| 12:12 | Sacrificial Skull |
| 12:34 | Ziggurat |
| 12:49 | Abomination |
| 12:57 | Cleaving Attack |
| 13:16 | Web |
| 13:17 | Ziggurat |
| 13:33 | Potion of Lesser Invulnerability |
| 13:36 | Scroll of Healing |
| 13:58 | Unholy Aura |
| 14:07 | Crypt Fiend |
| 14:26 | Frost Armor |
| 14:47 | Acolyte |
| 15:24 | Howl of Terror |
| 15:53 | Necropolis |
| 15:58 | Potion of Lesser Invulnerability |
| 16:07 | Crypt Fiend |
| 16:55 | Crypt Fiend |
| 17:23 | Crypt Fiend |
| 18:01 | Crypt Fiend |
| 18:14 | Obsidian Statue |
| 19:18 | Death Coil |
| 19:31 | Frost Nova |
| 19:37 | Cleaving Attack |
| 19:51 | Acolyte |
| 19:51 | Acolyte |
| 19:54 | Ziggurat |
| 20:10 | Acolyte |
| 20:12 | Ziggurat |
| 20:24 | Potion of Lesser Invulnerability |
| 20:24 | Scroll of Healing |
| 20:30 | Acolyte |
| 20:33 | Abomination |
| 20:46 | Nerubian Tower |
| 20:50 | Ziggurat |
| 20:52 | Acolyte |
| 20:56 | Scroll of Healing |
| 21:09 | Spirit Tower |
| 21:14 | Rod of Necromancy |
| 21:21 | Obsidian Statue |
| 21:43 | Spirit Tower |
| 25:24 | Crypt Fiend |
40 units @ 7.7k
/ 1.4k
20 buildings @ 3.2k
/ 1.3k



| Rod of Necromancy | 1 | 150 |
| Sacrificial Skull | 1 | 50 |
| Potion of Mana | 2 | 400 |
| Potion of Healing | 3 | 450 |
| Scroll of Healing | 5 | 1250 |
| Scroll of Town Portal | 2 | 700 |
| Dust of Appearance | 1 | 75 |
| Potion of Lesser Invulnerability | 3 | 450 |
| total: | 18 | 3525g |
| Acolyte | 7 | 525 | / | 0 |
| Ghoul | 6 | 720 | / | 0 |
| Crypt Fiend | 19 | 4085 | / | 760 |
| Obsidian Statue | 4 | 800 | / | 140 |
| Frost Wyrm | 4 | 1540 | / | 480 |
| total: | 40 | 7670g | / | 1380w |
| Nerubian Tower | 2 | 200 | / | 40 |
| Spirit Tower | 1 | 145 | / | 40 |
| Graveyard | 1 | 215 | / | 0 |
| Crypt | 3 | 600 | / | 150 |
| Altar of Darkness | 1 | 180 | / | 50 |
| Ziggurat | 8 | 1200 | / | 400 |
| Tomb of Relics | 2 | 260 | / | 60 |
| Necropolis | 1 | 225 | / | 0 |
| Slaughterhouse | 1 | 140 | / | 135 |
| Sacrificial Pit | 1 | 75 | / | 150 |
| Boneyard | 2 | 350 | / | 400 |
| Halls of the Dead | 1 | 320 | / | 210 |
| Black Citadel | 1 | 325 | / | 230 |
| total: | 20 | 3245g | / | 1345w |
| 0:01 | Acolyte |
| 0:08 | Graveyard |
| 0:09 | Crypt |
| 0:16 | Acolyte |
| 0:40 | Altar of Darkness |
| 0:55 | Ziggurat |
| 1:09 | Ghoul |
| 1:21 | Tomb of Relics |
| 1:46 | Crypt Fiend |
| 1:57 | Ziggurat |
| 2:19 | Crypt Fiend |
| 2:46 | Carrion Beetles |
| 2:48 | Acolyte |
| 2:51 | Crypt Fiend |
| 3:02 | Rod of Necromancy |
| 3:14 | Sacrificial Skull |
| 3:28 | Ghoul |
| 3:31 | Crypt Fiend |
| 4:03 | Nerubian Tower |
| 4:05 | Crypt Fiend |
| 4:08 | Ghoul |
| 4:20 | Impale |
| 4:28 | Ziggurat |
| 4:30 | Ziggurat |
| 4:54 | Necropolis |
| 4:57 | Carrion Beetles |
| 5:02 | Acolyte |
| 5:20 | Nerubian Tower |
| 5:24 | Spirit Tower |
| 6:07 | Halls of the Dead |
| 6:24 | Crypt Fiend |
| 6:28 | Acolyte |
| 6:30 | Acolyte |
| 6:45 | Crypt |
| 6:47 | Crypt |
| 6:56 | Acolyte |
| 7:07 | Crypt Fiend |
| 7:24 | Potion of Lesser Invulnerability |
| 7:25 | Scroll of Healing |
| 7:34 | Crypt Fiend |
| 7:38 | Creature Attack |
| 7:38 | Creature Carapace |
| 7:56 | Ziggurat |
| 7:58 | Tomb of Relics |
| 8:11 | Crypt Fiend |
| 8:12 | Crypt Fiend |
| 8:16 | Impale |
| 8:41 | Burrow |
| 8:59 | Slaughterhouse |
| 9:25 | Ghoul |
| 9:31 | Web |
| 9:33 | Death Coil |
| 10:08 | Impale |
| 10:25 | Unholy Aura |
| 10:42 | Crypt Fiend |
| 10:42 | Obsidian Statue |
| 11:03 | Obsidian Statue |
| 11:30 | Crypt Fiend |
| 11:40 | Crypt Fiend |
| 12:07 | Ghoul |
| 12:07 | Ghoul |
| 12:20 | Potion of Mana |
| 12:21 | Scroll of Town Portal |
| 12:35 | Potion of Healing |
| 13:13 | Potion of Lesser Invulnerability |
| 14:06 | Black Citadel |
| 14:07 | Crypt Fiend |
| 14:51 | Scroll of Healing |
| 14:51 | Scroll of Healing |
| 14:58 | Crypt Fiend |
| 15:08 | Improved Creature Attack |
| 15:12 | Ziggurat |
| 15:14 | Ziggurat |
| 16:56 | Death Coil |
| 17:01 | Crypt Fiend |
| 17:02 | Obsidian Statue |
| 17:02 | Destroyer Form |
| 17:55 | Frost Nova |
| 18:36 | Crypt Fiend |
| 19:54 | Crypt Fiend |
| 19:57 | Obsidian Statue |
| 19:59 | Improved Creature Carapace |
| 20:07 | Sacrificial Pit |
| 20:30 | Potion of Mana |
| 20:32 | Scroll of Healing |
| 20:41 | Crypt Fiend |
| 21:10 | Potion of Lesser Invulnerability |
| 21:14 | Scroll of Healing |
| 21:26 | Boneyard |
| 21:27 | Boneyard |
| 22:36 | Scroll of Town Portal |
| 22:47 | Frost Wyrm |
| 23:54 | Frost Wyrm |
| 24:00 | Dust of Appearance |
| 24:10 | Potion of Healing |
| 24:10 | Potion of Healing |
| 24:25 | Frost Wyrm |
| 25:06 | Ziggurat |
| 25:15 | Locust Swarm |
| 25:24 | Frost Wyrm |